 Dungeon Crawl Stone Soup version 0.26-a0-646-g5d7718319a (webtiles) character file.

Game seed: 10239856030034288452

14 DogServant the Grave Robber (level 2, 0/16 HPs)
             Began as a Tengu Necromancer on Sept 24, 2020.
             Slain by a jackal (1 damage)
             ... on level 1 of the Dungeon.
             The game lasted 00:01:29 (510 turns).

DogServant the Grave Robber (Tengu Necromancer)      Turns: 510, Time: 00:01:30

Health: 0/16       AC:  2    Str:  8    XL:     2   Next: 41%
Magic:  0/6        EV: 12    Int: 15    God:
Gold:   21         SH:  0    Dex: 14    Spells: 4/5 levels left

rFire    . . .     SeeInvis .   d - +0 club
rCold    . . .     Faith    .   (no shield)
rNeg     . . .     Spirit   .   a - +0 robe
rPois    .         Reflect  .   (helmet restricted)
rElec    .         Harm     .   (no cloak)
rCorr    .         Rampage  .   (no gloves)
MR       .....                  (boots unavailable)
Stlth    ++........             (no amulet)
HPRegen  0.05/turn              (no ring)
MPRegen  0.10/turn              (no ring)

@: no status effects
A: beak, talons 3
a: no special abilities


You were on level 1 of the Dungeon.
You visited 1 branch of the dungeon, and saw 1 of its levels.

You collected 21 gold pieces.

Inventory:

Hand Weapons
 d - a +0 club (weapon)
 e - a +0 short sword
Armour
 a - a +0 robe (worn)
Scrolls
 c - a scroll of fog {unknown}
Potions
 b - a potion of heal wounds {unknown}


   Skills:
 + Level 1.0 Fighting
 - Level 2.1 Dodging
 - Level 2.0 Stealth
 + Level 2.2 Spellcasting
 + Level 4.6 Necromancy


You had 4 spell levels left.
You knew the following spells:

 Your Spells              Type           Power        Failure   Level
a - Pain                  Necr           ###.         3%          1

Your spell library contained the following spells:

 Spells                   Type           Power        Failure   Level
 Animate Skeleton         Necr           ###...       3%          1
 Vampiric Draining        Necr           ###.......   10%         3
 Animate Dead             Necr           ###.......   32%         4
 Agony                    Necr           ###.....     65%         5


Dungeon Overview and Level Annotations

Branches:
Dungeon (1/15)

Altars:


Innate Abilities, Weirdness & Mutations

You have a beak for a mouth.
You have claws for feet.


Message History

Confirm with . or Enter, or press ? or * to list all spells.
Aiming: Pain (safe; 3% risk of failure)
Press: ? - help, Shift-Dir - straight line, f/p - jackal
Aim: a jackal (heavily wounded, chance to defeat MR: 85%)
The jackal writhes in agony.
The jackal bites you but does no damage.
Casting: Pain (safe; 3% risk of failure)
Confirm with . or Enter, or press ? or * to list all spells.
Aiming: Pain (safe; 3% risk of failure)
Press: ? - help, Shift-Dir - straight line, f/p - jackal
Aim: a jackal (almost dead, chance to defeat MR: 85%)
The jackal writhes in agony.
You kill the jackal!
Casting: Pain (safe; 3% risk of failure)
Confirm with . or Enter, or press ? or * to list all spells.
Aiming: Pain (safe; 3% risk of failure)
Press: ? - help, Shift-Dir - straight line, f - jackal
Aim: a jackal (chance to defeat MR: 85%)
The jackal writhes in agony.
The jackal bites you.
You die...

#..# ##.## #.##
...# #.# #..# #.##
#.# ##.# #.# ##+#
#.# ..# #...# #.#
..# .....# ### #.#
....# ......#
##.###.# .##.#
.......####.†....#
... +
.......'h@.....###
....
.......####...##
....# ......#
##.## ...## .....#
#.# ##. #...# #.#
##+# #.# #.# #.#


You could see a jackal.

Vanquished Creatures
  2 giant cockroaches (D:1)
  A hobgoblin (D:1)
  3 jackals (D:1)
  2 kobolds (D:1)
  2 bats (D:1)
  2 frilled lizards (D:1)
  A rat (D:1)
13 creatures vanquished.

Notes
Turn   | Place    | Note
-------+----------+-------------------------------------------
     0 | D:1      | DogServant the Tengu Necromancer began the quest for the
                  | Orb.
     0 | D:1      | Reached XP level 1. HP: 10/10 MP: 4/4
   445 | D:1      | Reached XP level 2. HP: 16/16 MP: 4/6
   505 | D:1      | Reached skill level 1 in Fighting
   510 | D:1      | Slain by a jackal

Illustrated notes

Levels and vault maps discovered:
D:1:      minmay_arrival_radiant_lines, layout_loops_corners,
          minmay_pentomino_s2

Skill      XL: |  1  2 |
---------------+-------+-----
Fighting       | 1 |  1.0
Dodging        | |  2.1
Stealth        | |  2.0
Spellcasting   | |  2.2
Necromancy     | |  4.6

Action                   || total
-------------------------++-------
Melee: Club              ||    13
       Kick              ||     2
       Peck              ||     1
 Cast: Pain              ||    19
Armor: Robe              ||     6
Dodge: Dodged            ||    14

Table legend: (Time is in decaauts)
 A = Elapsed time spent in this place.
 B = Non-inter-level travel time spent in this place.
 C = Inter-level travel time spent in this place.
 D = Time resting spent in this place.
 E = Time spent auto-exploring this place.
 F = Levels seen in this place.
 G = Mean time per level.
                   A        B        C        D        E       F      G
               +--------+--------+--------+--------+--------+-----+--------+
         Total |    512 |    512 |      0 |      0 |    433 |   1 |  512.0 |
       Dungeon |    512 |    512 |      0 |      0 |    433 |   1 |  512.0 |
               +--------+--------+--------+--------+--------+-----+--------+

Top non-repeatable levels by time:
     D:1: 512 daAuts
